 Dungeon Crawl Stone Soup version 0.30-a0-824-g6c64550be9 (webtiles) character file.

Game seed: 6797863991796889107

7735 Orangeyouglad the Frost Mage (level 11, 0/68 HPs)
             Began as a Human Ice Elementalist on Feb 27, 2023.
             Was the Champion of Zin.
             Killed from afar by an electric eel (8 damage)
             ... with a bolt of electricity
             ... on level 10 of the Dungeon on Feb 28, 2023.
             The game lasted 00:47:20 (11991 turns).

Orangeyouglad the Frost Mage (HuIE)                Turns: 11991, Time: 00:47:21

Health: 0/68       AC:  8    Str:  5    XL:     11   Next: 42%
Magic:  10/17      EV: 23    Int: 24    God:    Zin [******]
Gold:   1397       SH:  0    Dex: 19    Spells: 2/16 levels left

rFire   . . .      SeeInvis .    a - staff of cold
rCold   + + .      Faith    .    (no shield)
rNeg    . . .      Spirit   .    H - +2 robe {rC+}
rPois   .          Reflect  .    e - +1 helmet of a Labyrinth {Will+ Str-3 Int+3}
rElec   .          Harm     .    C - +0 cloak
rCorr   .          Rampage  .    G - +0 pair of gloves
Will    +....                    (no boots)
Stlth   +++                      (no amulet)
HPRegen 0.31/turn                p - +6 ring of dexterity
MPRegen 0.15/turn                q - +5 ring of evasion

@: no status effects
A: no striking features
a: Renounce Religion, Recite, Vitalisation, Imprison, Sanctuary, Donate Gold


You were on level 10 of the Dungeon.
You worshipped Zin.
Zin was exalted by your worship.
You visited 2 branches of the dungeon, and saw 11 of its levels.
You also visited: Bailey.

You collected 1605 gold pieces.
You spent 96 gold pieces at shops.
You donated 112 gold pieces to Zin.

Inventory:

Hand Weapons
 b - a +0 heavy sling
 g - a +0 dagger of venom
 n - a +5 trident
Missiles
 j - 65 poisoned darts
 D - 2 throwing nets
Armour
 e - the +1 helmet of a Labyrinth (worn) {Will+ Str-3 Int+3}
   (You acquired it in a bailey)

   Str:       It affects your strength (-3).
   Int:       It affects your intelligence (+3).
   Will:      It increases your willpower.
 v - a +0 helmet
 w - a scarf of invisibility
 C - a +0 cloak (worn)
 G - a +0 pair of gloves (worn)
 H - a +2 robe of cold resistance (worn)
Magical Staves
 a - a staff of cold (weapon)
 J - a staff of fire
Jewellery
 l - a ring of positive energy
 p - a +6 ring of dexterity (left hand)
 q - a +5 ring of evasion (right hand)
 t - a ring of poison resistance
 x - a +6 ring of strength
 E - a +6 ring of dexterity
 M - a +6 ring of dexterity
Wands
 L - a wand of iceblast (5)
Scrolls
 i - a scroll of silence
 k - 4 scrolls of enchant weapon
 o - 2 scrolls of magic mapping
 r - 3 scrolls of fear
 y - 2 scrolls of amnesia
 A - 2 scrolls of poison {unknown}
 B - 2 scrolls of enchant armour {unknown}
 I - 3 scrolls of fog {unknown}
 K - 2 scrolls of immolation {unknown}
 N - a scroll of butterflies {unknown}
 O - 2 scrolls of brand weapon
Potions
 c - 2 potions of heal wounds
 d - a potion of resistance
 f - 2 potions of curing
 h - 2 potions of invisibility
 m - 2 potions of cancellation
 s - 3 potions of might
 u - 3 potions of ambrosia
 z - 2 potions of flight
 F - 2 potions of mutation
 P - a potion of lignification {unknown}
 Q - a potion of magic


   Skills:
 - Level 3.3 Staves
 + Level 8.8 Dodging
 - Level 3.0 Stealth
 - Level 3.0 Spellcasting
 + Level 0.8 Hexes
 - Level 6.0 Summonings
 + Level 9.5 Ice Magic
 + Level 8.0 Invocations
 - Level 5.0 Evocations


You had 2 spell levels left.
You knew the following spells:

 Your Spells              Type           Power      Damage    Failure   Level
a - Freeze                Ice            100%       1d10      1%          1
b - Frozen Ramparts       Ice            100%       1d16      1%          3
c - Ozocubu's Armour      Ice            65%        N/A       1%          3
d - Summon Ice Beast      Ice/Summ       57%        N/A       4%          4
e - Summon Guardian Gole  Hex/Summ       20%        N/A       8%          3

Your spell library contained the following spells:

 Spells                   Type           Power      Damage    Failure   Level
 Summon Small Mammal      Summ           100%       N/A       1%          1
 Apportation              Tloc           6%         N/A       11%         1
 Magic Dart               Conj           12%        1d3       11%         1
 Necrotise                Necr           12%        1d4       11%         1
 Searing Ray              Conj           6%         2d4       16%         2
 Call Canine Familiar     Summ           32%        N/A       2%          3
 Portal Projectile        Hex/Tloc       10%        N/A       26%         3
 Animate Armour           Summ/Erth      36%        N/A       30%         4
 Fulminant Prism          Conj/Hex       2%         3d5       65%         4
 Leda's Liquefaction      Hex/Erth       2%         N/A       65%         4
 Blade Hands              Tmut           1%         N/A       96%         5
 Iskenderun's Battlesphe  Conj           3%         2d6       96%         5
 Iron Shot                Conj/Erth      1%         9d1       100%        6
 Spellforged Servitor     Conj/Summ      9%         N/A       100%        7


Dungeon Overview and Level Annotations

Branches:
Dungeon (10/15)            Temple (1/1) D:5            Lair (0/5) D:10
 Bailey (visited)
    Orc: D:9-12

Altars:
Ashenzari
Cheibriados
Dithmenos
Elyvilon
Fedhas
Gozag
Hepliaklqana
Kikubaaqudgha
Makhleb
Nemelex Xobeh
Okawaru
Qazlal
Ru
Sif Muna
Trog
Uskayaw
Vehumet
Xom
Yredelemnul
Zin
The Shining One

Shops:
D:6 **   D:10 (

Annotations:
D:4 1 runed translucent door, tgirl's ghost, amateur OpMo


Message History

The bolt of electricity hits you!
The electric eel shoots out a bolt of lightning at you!
The bolt of electricity hits you!
The electric eel shoots out a bolt of lightning at you!
The bolt of electricity hits you!
The electric eel shoots out a bolt of lightning at you!
The bolt of electricity misses you.
Casting: Summon Guardian Golem (dangerous; 8% risk of failure)
Confirm with . or Enter, or press ? or * to list all spells.
You feel a surge of power! A chill wind blows around you.
The electric eel shoots out a bolt of lightning at you!
The bolt of electricity misses you.
The bolt of electricity hits the electric eel.
The electric eel completely resists.
A bolt of electricity appears from out of your range of vision.
The bolt of electricity hits your guardian golem.
Your guardian golem resists.
The electric eel shoots out a bolt of lightning at you!
The bolt of electricity hits you!
The bolt of electricity hits the electric eel.
The electric eel completely resists.
A bolt of electricity appears from out of your range of vision.
The bolt of electricity hits your guardian golem.
Your guardian golem resists.
The bolt of electricity hits your ice beast!
The electric eel shoots out a bolt of lightning at you!
The bolt of electricity hits you!
* * * LOW HITPOINT WARNING * * *
The bolt of electricity misses the electric eel.
A bolt of electricity appears from out of your range of vision.
The bolt of electricity hits your guardian golem.
Your guardian golem resists.
The electric eel shoots out a bolt of lightning at you!
The bolt of electricity hits your guardian golem.
Your guardian golem resists.
The bolt of electricity hits you!
* * * LOW HITPOINT WARNING * * *
The electric eel shoots out a bolt of lightning at you!
The bolt of electricity hits you!
You die...

#.# #..~≈≈≈≈≈.≈≈≈≈
#.# #.#.~~~~.~~$(~
#.# #.#.≈≈≈≈≈.≈≈≈≈
#.# #.#~≈♣♣♣≈.≈♣♣♣
#.#####.#~≈♣ ♣≈S≈♣
#.[.......≈♣♣♣≈~≈♣
#.........≈≈≈≈≈~≈≈≈
#.........S~.~..~~.~
#..@....9YS≈≈≈≈.≈≈≈≈
#.#######S≈♣♣♣≈~≈
#.....# #.≈♣ .
#####.# #~≈♣ #.#
#~≈≈ #.# #~... #<#
#.≈≈≈≈ ### #~≈♣♣♣≈


You could see 3 electric eels, a friendly guardian golem (summoned) and a
friendly ice beast (summoned, sheltered).

Vanquished Creatures
  A troll (D:10)
  2 hornets
  Prince Ribbit (D:5)
  3 yaks (D:9)
  A wyvern (D:9)
  Grum (D:9)
  2 steam dragons
  2 water moccasins
  2 acid dragons
  10 orc warriors
  2 black bears (D:4)
  2 sky beasts
  3 wolves (D:9)
  2 ogres
  4 centaurs
  2 phantoms (D:5)
  4 kobold brigands
  Blork the orc (D:5)
  2 bullfrogs (D:8)
  3 scorpions
  8 wights
  9 killer bees (D:9)
  An electric eel (D:10)
  A jelly (D:6)
  Crazy Yiuf (D:5)
  5 orc priests
  10 hounds
  4 gnoll boudas
  4 iguanas
  8 orc wizards
  26 gnolls
  7 adders
  A white imp (D:8)
  An ufetubus (D:6)
  A worm (D:2)
  2 dart slugs (D:3)
  39 orcs
  3 bats
  9 endoplasms
  A giant cockroach (D:1)
  20 goblins
  22 hobgoblins
  5 jackals
  31 kobolds
  7 quokkas
  7 ball pythons
  2 frilled lizards
  4 rats
289 creatures vanquished.

Vanquished Creatures (collateral kills)
  A black bear (D:7)
  An ice beast (D:7)
  2 orc warriors (Bailey)
  A wight (D:8)
  A gnoll (Bailey)
  A hobgoblin (Bailey)
  2 kobolds (D:7)
9 creatures vanquished.

Vanquished Creatures (others)
  An orc wizard (D:7)
  A goblin (D:3)
  A fungus (D:8)
  4 plants (D:6)
7 creatures vanquished.

Grand Total: 305 creatures vanquished

Notes
Turn   | Place    | Note
-------+----------+-------------------------------------------
     0 | D:1      | Orangeyouglad the Human Ice Elementalist began the quest
                  | for the Orb.
     0 | D:1      | Reached XP level 1. HP: 13/13 MP: 3/3
   182 | D:1      | Reached XP level 2. HP: 19/19 MP: 3/5
   683 | D:1      | Reached XP level 3. HP: 18/24 MP: 2/6
  1393 | D:2      | Reached XP level 4. HP: 30/30 MP: 0/7
  1531 | D:2      | Learned a level 3 spell: Frozen Ramparts
  2205 | D:3      | Learned a level 3 spell: Ozocubu's Armour
  2390 | D:3      | Found a sacrificial altar of Ru.
  2392 | D:3      | Found a hide-covered altar of Uskayaw.
  2392 | D:3      | Found a glowing golden altar of the Shining One.
  2392 | D:3      | Found a hazy altar of Hepliaklqana.
  2395 | D:3      | Found a stormy altar of Qazlal.
  2397 | D:3      | Found a shimmering altar of Xom.
  2444 | D:3      | Became a worshipper of the Shining One
  2468 | D:3      | Reached XP level 5. HP: 35/35 MP: 6/9
  2574 | D:3      | Found a blossoming altar of Fedhas.
  2808 | D:3      | Found an opulent altar of Gozag.
  2808 | D:3      | Found a glowing silver altar of Zin.
  2825 | D:3      | Fell from the grace of the Shining One
  2825 | D:3      | Became a worshipper of Zin the Law-Giver
  2885 | D:4      | Noticed a black bear
  2974 | D:4      | Reached skill level 1 in Evocations
  3019 | D:4      | Found a runed translucent door.
  3020 | D:4      | Noticed tgirl's ghost (amateur OpMo)
  3029 | D:4      | Reached * piety under Zin
  3142 | D:4      | Noticed a black bear
  3172 | D:4      | Killed a black bear
  3173 | D:4      | Reached skill level 5 in Ice Magic
  3173 | D:4      | Reached XP level 6. HP: 27/41 MP: 2/10
  3268 | D:4      | Found a shimmering blue altar of Sif Muna.
  3537 | D:4      | Killed a black bear
  3538 | D:4      | Reached XP level 7. HP: 38/46 MP: 1/11
  3713 | D:4      | Reached ** piety under Zin
  3919 | D:5      | Entered Level 5 of the Dungeon
  4023 | D:5      | Found a staircase to the Ecumenical Temple.
  4679 | D:5      | Noticed Prince Ribbit
  4702 | D:5      | Reached skill level 1 in Invocations
  4758 | D:5      | Noticed Blork the orc
  4774 | D:5      | Killed Blork the orc
  4775 | D:5      | Reached skill level 6 in Ice Magic
  4775 | D:5      | Reached XP level 8. HP: 28/52 MP: 0/12
  4912 | Temple   | Entered the Ecumenical Temple
  5007 | D:6      | Reached skill level 5 in Dodging
  5355 | D:6      | Reached *** piety under Zin
  5395 | D:6      | Reached XP level 9. HP: 19/57 MP: 3/13
  5405 | D:6      | Reached skill level 7 in Ice Magic
  5405 | D:6      | Reached skill level 5 in Evocations
  5417 | D:6      | Reached **** piety under Zin
  5627 | D:6      | Learned a level 4 spell: Summon Ice Beast
  5764 | D:6      | Reached skill level 1 in Summonings
  5828 | D:6      | Found Mappoodd's Specific Store.
  5828 | D:6      | Found Rireif's General Store.
  5835 | D:6      | Bought 2 scrolls of identify for 48 gold pieces
  5845 | D:6      | Bought a scroll of identify for 24 gold pieces
  5845 | D:6      | Bought a scroll of identify for 24 gold pieces
  6273 | D:5      | Killed Prince Ribbit
  6376 | D:5      | Found a runed translucent door.
  6377 | D:5      | Noticed Crazy Yiuf
  6385 | D:5      | Killed Crazy Yiuf
  6723 | D:6      | Reached skill level 5 in Invocations
  6838 | D:6      | Found a bloodstained altar of Trog.
  7548 | D:7      | Reached XP level 10. HP: 48/63 MP: 1/14
  7824 | D:7      | Reached skill level 8 in Ice Magic
  8111 | D:7      | Reached ***** piety under Zin
  8639 | D:8      | Found a basalt altar of Yredelemnul.
  8684 | D:8      | Found a white marble altar of Elyvilon.
  9545 | D:9      | Reached ****** piety under Zin
  9596 | D:9      | Found a flagged portal.
  9605 | Bailey   | Entered a bailey
  9797 | Bailey   | Reached skill level 1 in Staves
  9797 | Bailey   | Reached skill level 5 in Summonings
  9841 | Bailey   | Noticed an orc warlord
 10000 | Bailey   | Reached skill level 9 in Ice Magic
 10072 | Bailey   | Reached XP level 11. HP: 53/68 MP: 16/16
 10262 | Bailey   | Acquired the +1 helmet of a Labyrinth {Will+ Str-3 Int+3}
 10550 | D:9      | Noticed Grum
 10567 | D:9      | Killed Grum
 11402 | D:9      | Acquired 622 gold pieces
 11444 | D:9      | Learned a level 3 spell: Summon Guardian Golem
 11451 | D:10     | Entered Level 10 of the Dungeon
 11472 | D:10     | Found a burning altar of Makhleb.
 11531 | D:10     | Found a staircase to the Lair.
 11705 | D:10     | Found Toarubbo's Weapon Emporium.
 11991 | D:10     | Killed from afar by an electric eel

Illustrated notes

Levels and vault maps discovered:
D:1:      minmay_arrival_hallway, layout_basic
D:2:      layout_loops_ring, minmay_vboxes
D:3:      layout_rooms, grunt_temple_overflow_gold_and_silver, fedhas_altar_1,
          minitemple
D:4:      layout_rooms, lemuel_coloured_pillars_altar, gammafunk_ghost_grave,
          st_stairs_14, hangedman_decor_diamond_cutter
D:5:      layout_rooms, minmay_temple_entry_arrows, uniq_prince_ribbit1,
          uniq_crazy_yiuf_cottage, uniq_blork_the_orc
D:6:      kennysheep_housing_project, layout_loops_ring, trog_hazing_becter,
          nicolae_specific_store, glass_columns_b, lightli_orcish_oven
D:7:      layout_loops_ring, eino_small_chamber_without_monster,
          kennysheep_crisscross
D:8:      layout_rooms, mainiacjoe_overflow_tiny_flanked, elyvilon_altar_5
D:9:      layout_cave_pods, enter_bailey_6, uniq_grum
D:10:     layout_basic, mainiacjoe_overflow_six_doors_small,
          nicolae_wu_jian_wuxing_cycle, lair_entry_dummy, serial_shops,
          nicolae_shop_hallway_plus, nicolae_diamond_shop, kennysheep_boxes,
          uniq_psyche
Temple:   hellmonk_temple_two_chambers

Skill      XL: |  1  2  3  4  5  6  7  8  9 10 11 |
---------------+----------------------------------+-----
Dodging        | 3 4 5 7 8 |  8.8
Stealth        | 3 |  3.0
Spellcasting   | 3 |  3.0
Evocations     | 1 2 3 4 5 |  5.0
Ice Magic      | 5 6 7 9 |  9.5
Invocations    | 1 3 5 7 8 |  8.0
Summonings     | 3 5 6 |  6.0
Staves         | 1 3 |  3.3
Hexes          | |  0.8

Action                     |  1- 3 |  4- 6 |  7- 9 | 10-12 || total
---------------------------+-------+-------+-------+-------++-------
  Melee: Short sword       |    16 |    11 |       |       ||    27
         Dagger            |       |    41 |     9 |       ||    50
         Staff             |       |       |    57 |    99 ||   156
         Punch             |       |       |     1 |       ||     1
   Fire: Sling             |       |    10 |     6 |     1 ||    17
   Cast: Freeze            |    47 |    54 |    47 |    23 ||   171
         Frozen Ramparts   |       |     5 |    32 |    36 ||    73
         Ozocubu's Armour  |       |     2 |    12 |    23 ||    37
         Summon Ice Beast  |       |       |     2 |    10 ||    12
         Summon Guardian G |       |       |       |     1 ||     1
 Invoke: Recite            |       |       |     6 |    11 ||    17
         Vitalisation      |       |       |       |     1 ||     1
         Imprison          |       |       |       |     1 ||     1
  Evoke: Wand              |       |       |     1 |     1 ||     2
    Use: Scroll            |       |     9 |     7 |    13 ||    29
         Potion            |       |     1 |     3 |     6 ||    10
   Stab: Sleeping          |     1 |     4 |     2 |     2 ||     9
         Confused          |       |       |     1 |       ||     1
         Paralysed         |       |       |       |     3 ||     3
 Armour: Robe              |    13 |    20 |    47 |    63 ||   143
  Dodge: Dodged            |    39 |    67 |   177 |   276 ||   559

Table legend: (Time is in decaauts)
 A = Elapsed time spent in this place.
 B = Non-inter-level travel time spent in this place.
 C = Inter-level travel time spent in this place.
 D = Time resting spent in this place.
 E = Time spent auto-exploring this place.
 F = Levels seen in this place.
 G = Mean time per level.
                   A        B        C        D        E       F      G
               +--------+--------+--------+--------+--------+-----+--------+
         Total |  12033 |  11575 |    458 |   2069 |   5995 |  12 | 1002.8 |
       Dungeon |  11230 |  10772 |    458 |   1840 |   5946 |  10 | 1123.0 |
        Temple |     29 |     29 |      0 |      0 |     11 |   1 |   29.0 |
        Bailey |    774 |    774 |      0 |    229 |     38 |   1 |  774.0 |
               +--------+--------+--------+--------+--------+-----+--------+

Top non-repeatable levels by time:
     D:6: 1513 daAuts
     D:4: 1500 daAuts
     D:7: 1294 daAuts
     D:5: 1287 daAuts
     D:1: 1267 daAuts
     D:9: 1207 daAuts
     D:8: 973 daAuts
     D:2: 908 daAuts
  Bailey: 774 daAuts
     D:3: 731 daAuts
    D:10: 546 daAuts
  Temple: 29 daAuts
